 Dungeon Crawl Stone Soup version 0.29.1-2-gbd0b4ee654 (webtiles) character file.

Game seed: 3464754805134727103

37 BaabKaare the Ruffian (level 3, -2/28 HPs)
             Began as a Draconian Transmuter on Nov 9, 2022.
             Slain by an orc
             ... wielding a +0 flail
              (7 damage)
             ... on level 2 of the Dungeon.
             The game lasted 00:04:03 (1401 turns).

BaabKaare the Ruffian (Draconian Transmuter)        Turns: 1401, Time: 00:04:04

Health: -2/28      AC:  5    Str: 14    XL:     3   Next: 21%
Magic:  6/6        EV: 12    Int: 13    God:
Gold:   74         SH:  0    Dex: 11    Spells: 2/6 levels left

rFire   . . .      SeeInvis .     - Unarmed
rCold   . . .      Faith    .   (no shield)
rNeg    . . .      Spirit   .   (body armour unavailable)
rPois   .          Reflect  .   (helmet restricted)
rElec   .          Harm     .   (no cloak)
rCorr   .          Rampage  .   (no gloves)
Will    .....                   (no boots)
Stlth   +.........              (no amulet)
HPRegen 0.09/turn               (no ring)
MPRegen 0.10/turn               (no ring)

@: invisible
A: AC +5, unfitting armour, cold-blooded
a: no special abilities


You were on level 2 of the Dungeon.
You visited 1 branch of the dungeon, and saw 3 of its levels.

You collected 74 gold pieces.

Inventory:

Magical Staves
 d - a staff of poison
Scrolls
 c - a scroll of poison {unknown}
 e - a scroll of fear {unknown}
 f - 2 scrolls of enchant weapon {unknown}
 h - a scroll of immolation {unknown}
Potions
 a - 2 potions of lignification


   Skills:
 + Level 1.1 Fighting
 + Level 1.9 Dodging
 + Level 3.7 Unarmed Combat
 + Level 2.3 Spellcasting
 + Level 2.3 Transmutations
 * Level 0.2 Poison Magic


You had 2 spell levels left.
You knew the following spells:

 Your Spells              Type           Power      Damage    Failure   Level
a - Beastly Appendage     Tmut           14%        N/A       10%         1
b - Spider Form           Tmut/Pois      4%         N/A       41%         3

Your spell library contained the following spells:

 Spells                   Type           Power      Damage    Failure   Level
 Wereblood                Tmut           7%         N/A       14%         2
 Ice Form                 Ice/Tmut       4%         N/A       83%         4


Dungeon Overview and Level Annotations

Branches:
Dungeon (3/15)

Altars:


Innate Abilities, Weirdness & Mutations

Your plain brown scales are hard. (AC +5)
You cannot fit into any form of body armour.
You are cold-blooded and may be slowed by cold attacks.


Message History

You completely miss the orc. You hit the orc but do no damage.
The orc hits you with a +0 flail.
You barely miss the orc. The orc barely misses you.
You hit the orc.
The orc is heavily wounded.
The orc hits you with a +0 flail.
You hit the orc but do no damage.
Your tail-slap misses the orc.
The orc is heavily wounded.
The orc hits you with a +0 flail!
You hit the orc but do no damage.
The orc is heavily wounded.
The orc hits you with a +0 flail.
Your magical contamination has completely faded away.
You hit the orc but do no damage.
You tail-slap the orc, but do no damage.
The orc is heavily wounded.
The orc barely misses you.
You barely miss the orc.
The orc is heavily wounded.
The orc hits you but does no damage.
You barely miss the orc.
The orc is heavily wounded.
The orc barely misses you.
You hit the orc but do no damage.
The orc is heavily wounded.
The orc hits you but does no damage.
You barely miss the orc.
The orc is heavily wounded.
The orc hits you with a +0 flail. The orc hits you with a +0 flail.
* * * LOW HITPOINT WARNING * * *
You climb upwards.
There is a stone staircase leading down here.
It was a potion of invisibility.
You fade into invisibility!
The orc barely misses you. The orc barely misses you.
It was a potion of magic.
Magic courses through your body. The orc hits you with a +0 flail!
You die...

#####.# #.@...#
#########o#####
...........>..#
#########....#.#.#
#...# #.####.# ..
#...# #.# #.# ##
#...# #.# #.#
#...#####.# #.#
#......##.# #.#


You could see an orc (unable to see you).

Vanquished Creatures
  A gnoll (D:1)
  2 dart slugs
  2 giant cockroaches (D:1)
  2 goblins (D:1)
  A hobgoblin (D:1)
  2 jackals (D:2)
  3 kobolds (D:1)
  5 ball pythons
  2 frilled lizards (D:1)
  3 rats (D:1)
23 creatures vanquished.

Notes
Turn   | Place    | Note
-------+----------+-------------------------------------------
     0 | D:1      | BaabKaare the Draconian Transmuter began the quest for the
                  | Orb.
     0 | D:1      | Reached XP level 1. HP: 16/16 MP: 3/3
    57 | D:1      | Reached XP level 2. HP: 8/23 MP: 3/5
   726 | D:1      | Reached XP level 3. HP: 28/28 MP: 6/6
   731 | D:1      | Learned a level 3 spell: Spider Form
  1401 | D:2      | Slain by an orc

Illustrated notes

Levels and vault maps discovered:
D:1:      dpeg_arrival_tiny_d, layout_rooms
D:2:      layout_basic, shapermc_ecumenical_altar_pompeii,
          kennysheep_generic_room_2, uniq_robin
D:3:      layout_basic, zin_academy

Action                   || total
-------------------------++-------
Melee: Unarmed           ||    77
       Headbutt          ||     7
       Kick              ||    10
       Tailslap          ||     5
       Punch             ||     3
 Cast: Beastly Appendage ||    11
  Use: Potion            ||     2
Armor: Skin              ||    22
Dodge: Dodged            ||    44
